 Dungeon Crawl Stone Soup version 0.28-a0-1447-ga5a8893891 (webtiles) character file.

Game seed: 16593330565899439869

102 hashsling the Grave Robber (level 4, -3/24 HPs)
             Began as a Deep Elf Necromancer on Jan 11, 2022.
             Killed by nerve-wracking pain
             ... invoked by an orc priest
              (13 damage)
             ... on level 3 of the Dungeon.
             The game lasted 00:10:20 (3328 turns).

hashsling the Grave Robber (Deep Elf Necromancer)   Turns: 3328, Time: 00:10:20

Health: -3/24      AC:  4    Str:  5    XL:     4   Next: 50%
Magic:  3/12       EV: 12    Int: 22    God:
Gold:   162        SH:  0    Dex: 15    Spells: 1/11 levels left

rFire   + + +      SeeInvis .   m - staff of fire
rCold   x . .      Faith    .   (no shield)
rNeg    . . .      Spirit   .   o - +0 robe
rPois   .          Reflect  .   h - +0 helmet
rElec   .          Harm     .   j - +0 cloak
rCorr   .          Rampage  .   (no gloves)
Will    .....                   (no boots)
Stlth   ++........              (no amulet)
HPRegen 0.08/turn               a - ring of protection from fire
MPRegen 0.13/turn               i - ring of fire

@: no status effects
A: no striking features
a: no special abilities


You were on level 3 of the Dungeon.
You visited 1 branch of the dungeon, and saw 3 of its levels.

You collected 162 gold pieces.

Inventory:

Hand Weapons
 g - a +0 dagger
Missiles
 d - 12 poisoned darts
 l - 60 arrows
Armour
 h - a +0 helmet (worn)
 j - a +0 cloak (worn)
 o - a +0 robe (worn)
Magical Staves
 m - a staff of fire (weapon)
Jewellery
 a - a ring of protection from fire (left hand)
 i - a ring of fire (right hand)
Wands
 q - a wand of flame (23)
Scrolls
 b - a scroll of blinking {unknown}
 c - 2 scrolls of identify {unknown}
 e - a scroll of magic mapping {unknown}
 f - a scroll of torment {unknown}
 k - a scroll of vulnerability {unknown}
 n - a scroll of teleportation {unknown}
 r - a scroll of acquirement {unknown}
Potions
 p - 2 potions of lignification {unknown}


   Skills:
 - Level 2.4 Dodging
 - Level 2.4 Stealth
 + Level 4.4 Spellcasting
 * Level 6.5 Necromancy


You had one spell level left.
You knew the following spells:

 Your Spells              Type           Power      Damage    Failure   Level
a - Pain                  Necr           100%       1d9       1%          1
b - Animate Skeleton      Necr           66%        N/A       1%          1
c - Vampiric Draining     Necr           33%        2d8       2%          3
d - Animate Dead          Necr           16%        N/A       8%          4
e - Slow                  Hex            16%        N/A       11%         1

Your spell library contained the following spells:

 Spells                   Type           Power      Damage    Failure   Level
 Agony                    Necr           33%        N/A       21%         5
 Confusing Touch          Hex            4%         N/A       32%         3


Dungeon Overview and Level Annotations

Branches:
Dungeon (3/15)

Altars:

Shops:
D:1 (


Message History

Aim: an orc priest, wielding a +0 short sword (chance to affect: 83%)
The orc priest writhes in agony.
Casting: Pain (safe; 1% risk of failure)
Confirm with . or Enter, or press ? or * to list all spells.
Aiming: Pain (safe; 1% risk of failure)
Press: ? - help, Shift-Dir - straight line, f/p - orc priest
Aim: an orc priest, wielding a +0 short sword (lightly wounded, chance to affect: 83%)
The orc priest barely resists.
Casting: Pain (safe; 1% risk of failure)
Confirm with . or Enter, or press ? or * to list all spells.
Aiming: Pain (safe; 1% risk of failure)
Press: ? - help, Shift-Dir - straight line, f/p - orc priest
Aim: an orc priest, wielding a +0 short sword (lightly wounded, chance to affect: 83%)
The orc priest barely resists.
Casting: Pain (safe; 1% risk of failure)
Confirm with . or Enter, or press ? or * to list all spells.
Aiming: Pain (safe; 1% risk of failure)
Press: ? - help, Shift-Dir - straight line, f/p - orc priest
Aim: an orc priest, wielding a +0 short sword (lightly wounded, chance to affect: 83%)
The orc priest writhes in agony.
The orc priest hits you with a +0 short sword.
Your goblin skeleton barely misses the orc wizard.
Casting: Pain (safe; 1% risk of failure)
Confirm with . or Enter, or press ? or * to list all spells.
Aiming: Pain (safe; 1% risk of failure)
Press: ? - help, Shift-Dir - straight line, f/p - orc priest
Aim: an orc priest, wielding a +0 short sword (moderately wounded, chance to affect: 83%)
The orc priest writhes in agony.
The orc priest closely misses you. The orc hits you but does no damage.
Your goblin skeleton barely misses the orc.
Casting: Pain (safe; 1% risk of failure)
Confirm with . or Enter, or press ? or * to list all spells.
Aiming: Pain (safe; 1% risk of failure)
Press: ? - help, Shift-Dir - straight line, f/p - orc priest
Aim: an orc priest, wielding a +0 short sword (severely wounded, chance to affect: 83%)
The orc priest writhes in agony.
The orc priest mumbles some strange prayers to Beogh against you.
Pain shoots through your body!
Ouch! That really hurt!
You die...

#.# #.# #o..# #. ##.# ### #oo.#
#. #..# #o..# #. #.## ##### #...#
##### #. #'######
##...###o..###...###. ...#P..#
##.....##...##.....##.
...#P..#####.......#...#.......#.
...#P..##..#.....oZo...'....[..#.
...######.##....@o.#...#.......#.
.......##.###....o##...##.....##.
.......'..# ##...###...###...###.
.......#### ##### #...# #######.
...##### ##...###...###...##..
...#.P.# ##.....##...##.....##.
...#..P### #.......#...#.......##
...#..P##.##.....†.'...'..).(..##
#'#######.##.......#...#.......##


You could see an orc priest, an orc wizard, 2 orcs and a friendly goblin
skeleton.

Vanquished Creatures
  6 adders
  A worm (D:3)
  3 dart slugs
  An orc (D:3)
  3 endoplasms
  3 giant cockroaches
  3 goblins
  3 hobgoblins
  6 ball pythons
  4 bats
  2 frilled lizards
  3 kobolds
  3 rats (D:3)
41 creatures vanquished.

Notes
Turn   | Place    | Note
-------+----------+-------------------------------------------
     0 | D:1      | hashsling the Deep Elf Necromancer began the quest for the
                  | Orb.
     0 | D:1      | Reached XP level 1. HP: 10/10 MP: 6/6
     2 | D:1      | Learned a level 1 spell: Animate Skeleton
    53 | D:1      | Found Loupn's Antique Weapon Shoppe.
   473 | D:1      | Reached skill level 5 in Necromancy
   718 | D:1      | Reached XP level 2. HP: 12/15 MP: 4/8
  1074 | D:2      | Found a faded altar of an unknown god.
  1618 | D:2      | Reached XP level 3. HP: 17/19 MP: 6/10
  2125 | D:2      | Reached skill level 6 in Necromancy
  2444 | D:3      | Reached XP level 4. HP: 22/24 MP: 9/12
  2530 | D:3      | Learned a level 3 spell: Vampiric Draining
  2535 | D:3      | Learned a level 4 spell: Animate Dead
  2537 | D:3      | Learned a level 1 spell: Slow
  3328 | D:3      | Killed from afar by an orc priest

Illustrated notes

Levels and vault maps discovered:
D:1:      dpeg_arrival_arbitrary_b, layout_basic, serial_shops, shop
D:2:      layout_basic, hellmonk_ecumenical_altar_heavens_door
D:3:      kennysheep_six_static_rooms, layout_loops_ring, serial_aquarium,
          aquarium_bridge_straight [aquarium_subvault_bridge,
          aquarium_subvault_wall, aquarium_subvault_bridge,
          aquarium_subvault_wall], aquarium_bridge_long_joined
          [aquarium_subvault_window, aquarium_subvault_wall,
          aquarium_subvault_wall, aquarium_subvault_window,
          aquarium_subvault_bridge, aquarium_subvault_window],
          aquarium_window_1, aquarium_window_1, aquarium_view_2c,
          aquarium_view_2f, aquarium_pool_four, minivault_14, uniq_grinder

Skill      XL: |  1  2  3 |
---------------+----------+-----
Necromancy     | 5 6 |  6.5
Spellcasting   | 4 |  4.4
Dodging        | |  2.4
Stealth        | |  2.4

Action                   |  1- 3 |  4- 6 || total
-------------------------+-------+-------++-------
Melee: Staff             |       |     9 ||     9
 Cast: Pain              |    42 |    38 ||    80
       Animate Skeleton  |     3 |     3 ||     6
Armor: Robe              |       |     4 ||     4
Dodge: Dodged            |     3 |     7 ||    10

Table legend: (Time is in decaauts)
 A = Elapsed time spent in this place.
 B = Non-inter-level travel time spent in this place.
 C = Inter-level travel time spent in this place.
 D = Time resting spent in this place.
 E = Time spent auto-exploring this place.
 F = Levels seen in this place.
 G = Mean time per level.
                   A        B        C        D        E       F      G
               +--------+--------+--------+--------+--------+-----+--------+
         Total |   3327 |   3288 |     39 |      0 |   2947 |   3 | 1109.0 |
       Dungeon |   3327 |   3288 |     39 |      0 |   2947 |   3 | 1109.0 |
               +--------+--------+--------+--------+--------+-----+--------+

Top non-repeatable levels by time:
     D:2: 1298 daAuts
     D:3: 1073 daAuts
     D:1: 955 daAuts
